 Dungeon Crawl Stone Soup version 0.24.0-1-gfbc8707 (webtiles) character file.

Game seed: 4283137629880760993, levelgen mode: deterministic

408 BleediousPenious the Slasher (level 7, -1/52 HPs)
             Began as a Human Fighter on Jan 11, 2020.
             Was an Initiate of the Shining One.
             Succumbed to an orc's poison
             ... on level 5 of the Dungeon.
             The game lasted 00:09:26 (5286 turns).

BleediousPenious the Slasher (Human Fighter)        Turns: 5286, Time: 00:09:27

Health: -1/52      AC:  8    Str: 19    XL:     7   Next: 13%
Magic:  7/7        EV:  8    Int:  8    God:    the Shining One [......]
Gold:   206        SH:  9    Dex: 12    Spells: 6/6 levels left

rFire    . . .     SeeInvis .   a - +0 long sword
rCold    . . .     Gourm    .   c - +0 shield
rNeg     . . .     Faith    .   b - +0 scale mail
rPois    .         Spirit   .   o - +1 hat
rElec    .         Reflect  .   (no cloak)
rCorr    .         Harm     .   (no gloves)
MR       .....                  (no boots)
Stlth    ..........             (no amulet)
HPRegen  0.17/turn              (no ring)
MPRegen  0.10/turn              (no ring)

@: lethally poisoned (-1 -> -40), glowing
A: no striking features
a: Renounce Religion


You were on level 5 of the Dungeon.
You worshipped the Shining One.
The Shining One was noncommittal.
You were not hungry.

You visited 1 branch of the dungeon, and saw 5 of its levels.

You collected 206 gold pieces.

Inventory:

Hand Weapons
 a - a +0 long sword (weapon)
Armour
 b - a +0 scale mail (worn)
 c - a +0 shield (worn)
 o - a +1 hat (worn)
Wands
 h - a wand of flame (27)
Scrolls
 g - 3 scrolls of identify
 i - 3 scrolls of blinking
 k - 3 scrolls of remove curse
Potions
 d - a potion of might
 e - a potion of cancellation
 j - 2 potions of invisibility
 m - a potion of flight
Comestibles
 f - 6 rations
 n - a chunk of flesh


   Skills:
 + Level 3.6 Fighting
 + Level 4.5 Long Blades
 + Level 4.4 Armour
 + Level 1.8 Dodging
 + Level 4.3 Shields


You had 6 spell levels left.
You didn't know any spells.
Your spell library was empty.

Dungeon Overview and Level Annotations

Branches:
Dungeon (5/15)
 Temple: D:4-7

Altars:
The Shining One


Message History

You are more poisoned.
Blink to where?
Press: ? - help, Dir - move target cursor You are very lightly contaminated with residual magic.
As you read the scroll of blinking, it crumbles to dust.
You feel very sick.
You feel very sick.
* * * LOW HITPOINT WARNING * * *
You feel very sick.
* * * LOW HITPOINT WARNING * * *
You feel very sick.
* * * LOW HITPOINT WARNING * * *
You feel very sick.
Okay, then.
It was a potion of magic.
Magic courses through your body.
* * * LOW HITPOINT WARNING * * *
You feel very sick.
It was a potion of cancellation.
You feel magically purged.
Your magical contamination has completely faded away.
You die...

#.....# o #.....# # #
#.#.#.###.########
#...#...o..o§o)..(
#......##########
#...s..#.......##
##......#.#####...
#.............####
#@........###.#
######.#.###...# #.#
#<.....#.# #...# #.#
########.###...#
#.####
#.............###.#...
#.#####.###.......#.##
#...............
######...#######.##
................#...


You could see a scorpion and an orc.

Vanquished Creatures
  A scorpion (D:4)
  A water moccasin skeleton (D:4)
  A bullfrog zombie (D:5)
  A hound (D:4)
  An orc wizard (D:4)
  A hound skeleton (D:4)
  4 gnolls (D:4)
  5 adders
  2 oozes
  An adder skeleton (D:3)
  A dart slug (D:1)
  7 leopard geckos
  11 orcs
  A ball python (D:3)
  9 bats
  7 giant cockroaches
  10 goblins
  7 hobgoblins
  3 jackals (D:1)
  3 quokkas
  5 frilled lizards
  8 kobolds
  5 rats
95 creatures vanquished.

Notes
Turn   | Place    | Note
-------+----------+-------------------------------------------
     0 | D:1      | BleediousPenious the Human Fighter began the quest for the
                  | Orb.
     0 | D:1      | Reached XP level 1. HP: 18/18 MP: 1/1
    41 | D:1      | Reached XP level 2. HP: 14/24 MP: 2/2
   602 | D:1      | Reached XP level 3. HP: 29/29 MP: 3/3
  1557 | D:2      | Reached XP level 4. HP: 11/35 MP: 4/4
  2278 | D:2      | Reached XP level 5. HP: 41/41 MP: 5/5
  3109 | D:3      | Found a glowing golden altar of the Shining One.
  3116 | D:3      | Became a worshipper of the Shining One
  4623 | D:4      | Reached skill level 1 in Dodging
  4623 | D:4      | Reached XP level 6. HP: 47/47 MP: 6/6
  4826 | D:4      | Reached XP level 7. HP: 15/52 MP: 7/7
  5178 | D:5      | Entered Level 5 of the Dungeon
  5286 | D:5      | Succumbed to an orc's poison

Levels and vault maps discovered:
D:1:      dpeg_arrival_lava_altar, layout_basic
D:2:      layout_basic, minmay_fountain_box, minmay_pentomino_s4
D:3:      minmay_angry_zag, layout_basic, tso_altar, first_ration
D:4:      layout_basic
D:5:      layout_basic, grunt_temple_overflow_diamond, uniq_sigmund,
          uniq_duvessa, uniq_crazy_yiuf_cottage

Skill      XL: |  1  2  3  4  5  6 |
---------------+-------------------+-----
Long Blades    | 3 4 |  4.5
Dodging        | 1 |  1.8
Shields        | 4 |  4.3
Armour         | 4 |  4.4
Fighting       | |  3.6

Action                   |  1- 3 |  4- 6 |  7- 9 || total
-------------------------+-------+-------+-------++-------
Melee: Long sword        |   117 |   213 |    23 ||   353
  Use: Potion            |       |     6 |     2 ||     8
       Scroll            |       |     6 |     1 ||     7
  Eat: Ration            |     1 |     2 |       ||     3
       Chunk             |       |     3 |     1 ||     4
Armor: Scale mail        |    97 |    95 |     7 ||   199
       Skin              |       |    11 |       ||    11
Dodge: Dodged            |    68 |    52 |     6 ||   126
Block: Shield            |   128 |   120 |    10 ||   258
       Rpst.: Long sword |    23 |    17 |     3 ||    43
